[ AOE2 MATCH · #507828740 ]
UnrankedAztecs vs Celts
Player's team · WIN
Rival team · LOSS
[ REPLAY ANALYSIS · EXTRACTED FROM THE RECORDED GAME ]
Feudal
9:30
Castle
23:05
Imperial
—
| APM avg | 54.0 |
| APM peak | 103 |
| eAPM avg | 28.5 |
| Villagers / military | 91 / 69 |
Focus
⚔️ 56.6% · 🌾 43.4%
Eagle Scout ×39 · Archer ×18 · Militia ×7 · Battering Ram ×4 · Skirmisher ×1
Feudal
9:45
Castle
24:41
Imperial
—
| APM avg | 54.3 |
| APM peak | 83 |
| eAPM avg | 26.9 |
| Villagers / military | 61 / 19 |
Focus
⚔️ 35.0% · 🌾 65.0%
Skirmisher ×12 · Militia ×5 · Archer ×1 · Mangonel ×1
Match map
Initial resources + every placement click. Lines = walls · curves = elevation contours. ◆ gold · ⬟ stone · ● berries · ✦ relic · ◌ wall gap
Your base· Open — 5t gap
Men Call Me Gladiator's base· Open — 4t gap
Smoothed initial terrain · ◌ = detected wall gap · hover for details
Inputs per minute
— jimmyjedi - - Men Call Me Gladiator
Build order — jimmyjedi
First 150 of 257 actions detected
| 0:00 | Create | Villager (Male) |
| 0:01 | Create | Villager (Male) |
| 0:01 | Create | Villager (Male) |
| 0:02 | Build | House |
| 0:02 | Build | House |
| 0:08 | Create | Villager (Male) |
| 1:19 | Create | Villager (Male) |
| 1:19 | Create | Villager (Male) |
| 1:52 | Create | Villager (Male) |
| 1:52 | Create | Villager (Male) |
| 2:03 | Build | Lumber Camp |
| 2:07 | Create | Villager (Male) |
| 2:07 | Create | Villager (Male) |
| 2:42 | Create | Villager (Male) |
| 2:43 | Create | Villager (Male) |
| 2:43 | Create | Villager (Male) |
| 3:18 | Create | Villager (Male) |
| 3:18 | Create | Villager (Male) |
| 3:18 | Create | Villager (Male) |
| 3:36 | Create | Villager (Male) |
| 3:36 | Create | Villager (Male) |
| 3:54 | Build | House |
| 4:11 | Create | Villager (Male) |
| 4:11 | Create | Villager (Male) |
| 4:12 | Create | Villager (Male) |
| 4:12 | Create | Villager (Male) |
| 4:30 | Create | Villager (Male) |
| 4:31 | Create | Villager (Male) |
| 5:17 | Create | Villager (Male) |
| 5:18 | Create | Villager (Male) |
| 5:43 | Build | Barracks |
| 5:49 | Research | Loom |
| 6:41 | Build | House |
| 6:59 | Create | Militia |
| 7:06 | Build | Mining Camp |
| 7:17 | Create | Militia |
| 7:20 | Research | Feudal Age |
| 7:27 | Create | Militia |
| 7:46 | Create | Militia |
| 8:27 | Create | Militia |
| 8:30 | Build | Mill |
| 8:47 | Build | House |
| 9:06 | Create | Villager (Male) |
| 9:30 | Age | Feudal Age |
| 9:32 | Research | Man-at-Arms (upgrade) |
| 9:32 | Research | Man-at-Arms (upgrade) |
| 9:45 | Research | Double-Bit Axe |
| 9:56 | Build | Archery Range |
| 10:18 | Create | Villager (Male) |
| 10:27 | Create | Villager (Male) |
| 10:27 | Create | Villager (Male) |
| 10:56 | Create | Archer |
| 10:56 | Create | Archer |
| 11:09 | Create | Villager (Male) |
| 11:09 | Create | Villager (Male) |
| 11:17 | Build | Palisade Wall |
| 11:18 | Build | Palisade Wall |
| 11:51 | Create | Villager (Male) |
| 11:53 | Create | Archer |
| 12:03 | Build | Farm |
| 12:07 | Create | Archer |
| 12:20 | Create | Villager (Male) |
| 12:21 | Create | Archer |
| 12:25 | Create | Skirmisher |
| 12:26 | Build | Blacksmith |
| 12:31 | Build | House |
| 12:33 | Build | Palisade Wall |
| 12:37 | Build | Palisade Wall |
| 12:39 | Build | Palisade Wall |
| 12:41 | Create | Villager (Male) |
| 12:43 | Build | Palisade Wall |
| 12:48 | Build | House |
| 12:51 | Create | Villager (Male) |
| 13:12 | Research | Fletching |
| 13:15 | Build | Farm |
| 13:18 | Build | Farm |
| 13:20 | Build | Farm |
| 13:23 | Build | House |
| 13:28 | Create | Villager (Male) |
| 13:39 | Build | Palisade Gate |
| 13:41 | Build | Palisade Wall |
| 13:52 | Create | Villager (Male) |
| 13:55 | Build | Farm |
| 14:15 | Create | Archer |
| 14:15 | Create | Archer |
| 14:27 | Create | Villager (Male) |
| 14:27 | Create | Villager (Male) |
| 14:42 | Build | House |
| 14:43 | Build | House |
| 14:44 | Create | Villager (Male) |
| 14:47 | Build | Palisade Wall |
| 14:48 | Build | Palisade Wall |
| 14:53 | Build | Palisade Wall |
| 15:11 | Create | Villager (Male) |
| 15:12 | Create | Archer |
| 15:35 | Create | Villager (Male) |
| 15:35 | Create | Archer |
| 15:47 | Create | Eagle Scout |
| 15:47 | Create | Eagle Scout |
| 15:48 | Create | Villager (Male) |
| 16:25 | Create | Villager (Male) |
| 16:26 | Create | Villager (Male) |
| 16:28 | Create | Archer |
| 16:29 | Build | Farm |
| 16:30 | Build | Farm |
| 16:30 | Build | Farm |
| 16:40 | Create | Villager (Male) |
| 17:10 | Create | Eagle Scout |
| 17:10 | Create | Villager (Male) |
| 17:13 | Research | Horse Collar |
| 17:15 | Build | Farm |
| 17:16 | Build | Farm |
| 17:22 | Build | Lumber Camp |
| 18:00 | Create | Villager (Male) |
| 18:00 | Create | Villager (Male) |
| 18:05 | Build | Farm |
| 18:05 | Build | Farm |
| 18:06 | Build | Farm |
| 18:06 | Build | Farm |
| 18:06 | Build | Farm |
| 18:27 | Build | Farm |
| 18:36 | Create | Archer |
| 18:48 | Build | Farm |
| 19:08 | Build | Farm |
| 19:11 | Build | Farm |
| 19:21 | Create | Villager (Male) |
| 19:36 | Create | Villager (Male) |
| 19:50 | Create | Archer |
| 19:50 | Create | Archer |
| 19:57 | Build | Farm |
| 20:25 | Research | Castle Age |
| 20:40 | Create | Eagle Scout |
| 20:40 | Create | Eagle Scout |
| 20:44 | Build | House |
| 20:52 | Build | Market |
| 21:04 | Research | Scale Mail Armor |
| 21:30 | Build | Barracks |
| 21:34 | Create | Eagle Scout |
| 21:34 | Create | Eagle Scout |
| 21:42 | Research | Padded Archer Armor |
| 21:43 | Research | Gold Mining |
| 21:47 | Create | Villager (Male) |
| 21:58 | Build | Lumber Camp |
| 21:59 | Build | House |
| 22:01 | Build | House |
| 22:01 | Build | House |
| 22:02 | Build | House |
| 22:02 | Build | House |
| 22:16 | Create | Eagle Scout |
| 22:17 | Create | Eagle Scout |
Build order — Men Call Me Gladiator
First 150 of 184 actions detected
| 0:00 | Create | Villager (Male) |
| 0:01 | Create | Villager (Male) |
| 0:02 | Build | House |
| 0:03 | Build | House |
| 0:30 | Create | Villager (Male) |
| 0:31 | Create | Villager (Male) |
| 1:30 | Create | Villager (Male) |
| 1:52 | Create | Villager (Male) |
| 1:54 | Build | Lumber Camp |
| 2:33 | Create | Villager (Male) |
| 2:55 | Create | Villager (Male) |
| 3:12 | Create | Villager (Male) |
| 3:27 | Build | House |
| 3:29 | Build | House |
| 3:46 | Create | Villager (Male) |
| 4:08 | Build | Mill |
| 4:12 | Create | Villager (Male) |
| 4:28 | Create | Villager (Male) |
| 4:29 | Create | Villager (Male) |
| 5:00 | Create | Villager (Male) |
| 5:14 | Create | Villager (Male) |
| 6:13 | Create | Villager (Male) |
| 6:29 | Create | Villager (Male) |
| 6:35 | Build | Barracks |
| 6:40 | Build | Palisade Wall |
| 7:10 | Create | Villager (Male) |
| 7:31 | Research | Feudal Age |
| 7:45 | Build | Mining Camp |
| 7:50 | Create | Militia |
| 7:50 | Create | Militia |
| 8:25 | Build | House |
| 8:26 | Build | Palisade Wall |
| 8:26 | Build | Palisade Wall |
| 8:27 | Build | Palisade Wall |
| 8:37 | Build | House |
| 9:03 | Create | Militia |
| 9:04 | Create | Villager (Male) |
| 9:12 | Research | Loom |
| 9:25 | Build | Palisade Gate |
| 9:39 | Build | Palisade Wall |
| 9:40 | Build | Palisade Wall |
| 9:41 | Build | Palisade Wall |
| 9:43 | Build | Palisade Wall |
| 9:45 | Age | Feudal Age |
| 9:54 | Research | Man-at-Arms (upgrade) |
| 10:19 | Build | Palisade Wall |
| 10:22 | Build | Palisade Wall |
| 10:23 | Build | Palisade Wall |
| 10:24 | Build | Palisade Wall |
| 10:30 | Create | Villager (Male) |
| 10:33 | Build | Palisade Wall |
| 10:40 | Create | Villager (Male) |
| 10:59 | Build | Farm |
| 11:13 | Create | Militia |
| 11:14 | Create | Militia |
| 11:28 | Build | Palisade Gate |
| 11:32 | Build | House |
| 11:40 | Create | Villager (Male) |
| 11:41 | Create | Villager (Male) |
| 11:50 | Research | Loom |
| 12:05 | Build | Archery Range |
| 12:33 | Create | Villager (Male) |
| 12:41 | Build | Palisade Wall |
| 12:45 | Create | Villager (Male) |
| 13:05 | Create | Skirmisher |
| 13:32 | Create | Villager (Male) |
| 13:52 | Build | Blacksmith |
| 14:02 | Build | House |
| 14:03 | Create | Villager (Male) |
| 14:05 | Create | Skirmisher |
| 14:21 | Create | Skirmisher |
| 14:29 | Build | House |
| 14:48 | Create | Skirmisher |
| 14:49 | Create | Villager (Male) |
| 14:49 | Create | Villager (Male) |
| 15:05 | Create | Villager (Male) |
| 15:25 | Build | Farm |
| 15:26 | Build | Farm |
| 15:49 | Create | Villager (Male) |
| 16:14 | Build | Farm |
| 16:22 | Build | Lumber Camp |
| 16:24 | Build | House |
| 16:25 | Build | Palisade Wall |
| 16:27 | Create | Villager (Male) |
| 16:40 | Build | Farm |
| 16:41 | Build | Farm |
| 16:41 | Build | Farm |
| 16:42 | Create | Villager (Male) |
| 16:51 | Research | Double-Bit Axe |
| 17:06 | Create | Villager (Male) |
| 17:08 | Create | Skirmisher |
| 17:16 | Build | House |
| 17:32 | Create | Villager (Male) |
| 17:35 | Build | Farm |
| 17:41 | Build | Farm |
| 17:55 | Create | Skirmisher |
| 18:00 | Create | Skirmisher |
| 18:16 | Build | Farm |
| 18:18 | Build | Farm |
| 18:27 | Build | Farm |
| 18:30 | Build | Farm |
| 18:34 | Build | Farm |
| 18:37 | Create | Villager (Male) |
| 18:42 | Create | Skirmisher |
| 18:50 | Research | Fletching |
| 18:58 | Build | Palisade Wall |
| 19:01 | Build | House |
| 19:03 | Build | Palisade Wall |
| 19:10 | Build | Farm |
| 19:12 | Build | Farm |
| 19:13 | Create | Villager (Male) |
| 19:44 | Build | House |
| 19:45 | Build | Palisade Wall |
| 19:52 | Create | Villager (Male) |
| 19:55 | Build | Farm |
| 20:15 | Build | Farm |
| 20:20 | Build | House |
| 20:24 | Build | House |
| 20:26 | Build | House |
| 20:30 | Build | House |
| 20:31 | Build | Palisade Wall |
| 20:52 | Create | Villager (Male) |
| 21:09 | Build | Palisade Wall |
| 21:18 | Build | Farm |
| 21:19 | Create | Villager (Male) |
| 21:30 | Build | Farm |
| 21:36 | Build | Lumber Camp |
| 22:01 | Research | Castle Age |
| 22:13 | Create | Villager (Male) |
| 22:25 | Create | Skirmisher |
| 22:29 | Research | Padded Archer Armor |
| 22:39 | Create | Skirmisher |
| 22:44 | Research | Horse Collar |
| 23:00 | Research | Town Watch |
| 23:10 | Create | Archer |
| 23:42 | Build | Market |
| 23:49 | Create | Skirmisher |
| 23:59 | Build | House |
| 24:00 | Build | Palisade Wall |
| 24:03 | Build | House |
| 24:04 | Build | House |
| 24:14 | Create | Skirmisher |
| 24:41 | Age | Castle Age |
| 24:42 | Build | House |
| 24:54 | Build | House |
| 25:03 | Build | Town Center |
| 25:12 | Build | Town Center |
| 25:19 | Build | Siege Workshop |
| 25:40 | Build | Palisade Wall |
| 25:41 | Build | Palisade Wall |
Match timeline
| 5:43 | jimmyjedi · first_building Barracks |
| 6:35 | Men Call Me Gladiator · first_building Barracks |
| 6:40 | Men Call Me Gladiator · wall_segment Palisade Wall x6 |
| 8:26 | Men Call Me Gladiator · wall_segment Palisade Wall x1 |
| 8:26 | Men Call Me Gladiator · wall_segment Palisade Wall x1 |
| 8:27 | Men Call Me Gladiator · wall_segment Palisade Wall x1 |
| 9:30 | jimmyjedi · age_up feudal |
| 9:39 | Men Call Me Gladiator · wall_segment Palisade Wall x1 |
| 9:40 | Men Call Me Gladiator · wall_segment Palisade Wall x1 |
| 9:41 | Men Call Me Gladiator · wall_segment Palisade Wall x1 |
| 9:43 | Men Call Me Gladiator · wall_segment Palisade Wall x1 |
| 9:45 | Men Call Me Gladiator · age_up feudal |
| 9:56 | jimmyjedi · first_building Archery Range |
| 10:19 | Men Call Me Gladiator · wall_segment Palisade Wall x1 |
| 10:22 | Men Call Me Gladiator · wall_segment Palisade Wall x1 |
| 10:23 | Men Call Me Gladiator · wall_segment Palisade Wall x1 |
| 10:24 | Men Call Me Gladiator · wall_segment Palisade Wall x1 |
| 10:33 | Men Call Me Gladiator · wall_segment Palisade Wall x1 |
| 11:17 | jimmyjedi · wall_segment Palisade Wall x1 |
| 11:18 | jimmyjedi · wall_segment Palisade Wall x1 |
| 12:05 | Men Call Me Gladiator · first_building Archery Range |
| 12:33 | jimmyjedi · wall_segment Palisade Wall x6 |
| 12:37 | jimmyjedi · wall_segment Palisade Wall x7 |
| 12:39 | jimmyjedi · wall_segment Palisade Wall x7 |
| 12:41 | Men Call Me Gladiator · wall_segment Palisade Wall x9 |
| 12:43 | jimmyjedi · wall_segment Palisade Wall x9 |
| 13:41 | jimmyjedi · wall_segment Palisade Wall x4 |
| 14:47 | jimmyjedi · wall_segment Palisade Wall x5 |
| 14:48 | jimmyjedi · wall_segment Palisade Wall x10 |
| 14:53 | jimmyjedi · wall_segment Palisade Wall x4 |
| 16:25 | Men Call Me Gladiator · wall_segment Palisade Wall x1 |
| 18:58 | Men Call Me Gladiator · wall_segment Palisade Wall x1 |
| 19:03 | Men Call Me Gladiator · wall_segment Palisade Wall x2 |
| 19:45 | Men Call Me Gladiator · wall_segment Palisade Wall x1 |
| 20:31 | Men Call Me Gladiator · wall_segment Palisade Wall x1 |
| 21:09 | Men Call Me Gladiator · wall_segment Palisade Wall x1 |
| 23:05 | jimmyjedi · age_up castle |
| 23:17 | jimmyjedi · first_market_sell 100 stone |
| 24:00 | Men Call Me Gladiator · wall_segment Palisade Wall x4 |
| 24:21 | jimmyjedi · first_market_buy 100 food |
| 24:41 | Men Call Me Gladiator · age_up castle |
| 25:19 | Men Call Me Gladiator · first_building Siege Workshop |
| 25:40 | Men Call Me Gladiator · wall_segment Palisade Wall x1 |
| 25:41 | Men Call Me Gladiator · wall_segment Palisade Wall x1 |
| 25:43 | Men Call Me Gladiator · wall_segment Palisade Wall x1 |
| 25:46 | Men Call Me Gladiator · wall_segment Palisade Wall x1 |
| 25:47 | Men Call Me Gladiator · wall_segment Palisade Wall x1 |
| 27:47 | jimmyjedi · first_building Siege Workshop |
| 28:13 | jimmyjedi · first_building Monastery |
| 28:49 | Men Call Me Gladiator · first_market_sell 100 wood |
| 29:27 | Men Call Me Gladiator · first_market_buy 100 stone |
| 30:00 | Men Call Me Gladiator · first_building Castle |
| 31:08 | Men Call Me Gladiator · resign |
[ AI ANALYSIS · 1 CREDIT ]
What really happened in this match?
Wolo.gg analyzes every decision: build order, eco, micro, common mistakes by bracket. Personalized analysis on WhatsApp or Discord in 30 seconds.
Civ guide
Aztecs
Perfil
Jugador #1516626